 Dungeon Crawl Stone Soup version 0.23.2-1-ga50397a (webtiles) character file.

Game seed: 1773664255295566283

3419 Fang the Fighter (level 10, -11/65 HPs)
             Began as a Gargoyle Berserker on May 20, 2019.
             Was an Elder of Trog.
             Mangled by Snorg (14 damage)
             ... on level 11 of the Dungeon.
             The game lasted 00:06:59 (5487 turns).

Fang the Fighter (Gargoyle Berserker)               Turns: 5487, Time: 00:07:00

Health: -11/65     AC: 22    Str: 24    XL:     10   Next: 5%
Magic:  10/10      EV:  9    Int:  8    God:    Trog [****..]
Gold:   476        SH:  0    Dex:  9    Spells: 9/9 levels left

rFire    + . .     SeeInvis .   a - +0 war axe (freeze)
rCold    . . .     Gourm    .   (no shield)
rNeg     + . .     Faith    .   b - +2 plate armour
rPois    ∞         Spirit   .   (no helmet)
rElec    +         Reflect  .   (no cloak)
rCorr    +         Harm     .   (no gloves)
MR       .....                  (no boots)
Stlth    ..........             j - amulet of regeneration
HPRegen  0.60/turn              g - ring of protection from fire
MPRegen  0.12/turn              t - ring of resist corrosion

@: berserk cooldown, slowed, very slow
A: negative energy resistance 1, electricity resistance, unbreathing,
petrification resistance, rot immunity, AC +7
a: Berserk, Trog's Hand, Brothers in Arms, Renounce Religion


You were on level 11 of the Dungeon.
You worshipped Trog.
Trog was greatly pleased with you.
You were not hungry.

You visited 2 branches of the dungeon, and saw 11 of its levels.

You collected 476 gold pieces.

Inventory:

Hand Weapons
 a - a +0 war axe of freezing (weapon)
Armour
 b - a +2 plate armour (worn)
Jewellery
 g - a ring of protection from fire (left hand)
 j - an amulet of regeneration (around neck)
 t - a ring of resist corrosion (right hand)
Wands
 s - a wand of acid (9)
 x - a wand of polymorph (3)
 y - a wand of digging (7)
 z - a wand of random effects (17)
 B - a wand of iceblast (10)
Scrolls
 f - 3 scrolls of remove curse
 h - a scroll of torment {unknown}
 i - a scroll of identify
 k - 5 scrolls of teleportation
Potions
 d - a potion of agility
 e - 2 potions of lignification
 l - 2 potions of curing
 m - 2 potions of berserk rage {unknown}
 q - 5 potions of heal wounds
 v - a potion of magic
 A - a potion of flight
Comestibles
 c - 4 rations
 n - 14 chunks of flesh


   Skills:
 + Level 8.4 Fighting
 + Level 7.0 Axes
 + Level 7.9 Armour
 + Level 6.0 Dodging


You had 9 spell levels left.
You didn't know any spells.
Your spell library was empty.

Dungeon Overview and Level Annotations

Branches:
Dungeon (11/15)            Temple (1/1) D:6
   Lair: D:8-11         Orc: D:9-12

Altars:
Ashenzari
Dithmenos
Fedhas
Gozag
Okawaru
Qazlal
Ru
Sif Muna
Trog
Uskayaw

Shops:
D:2 *   D:4 [

Annotations:
D:5 3 runed translucent doors, withersans's ghost, amateur SpAs
D:11 Snorg


Innate Abilities, Weirdness & Mutations

You are resistant to torment.
Your stone body is resilient. (AC +7)
You are immune to poison.
You resist negative energy. (rN+)
You are resistant to electric shocks. (rElec)
You can survive without breathing.
You are immune to petrification.
You are immune to rotting.


Message History

You closely miss Snorg.
Snorg is lightly wounded.
You are no longer berserk.
You are exhausted.
You feel yourself slow down. Snorg bites you but does no damage.
Snorg claws you but does no damage. x2; Snorg bites you!
* * * LOW HITPOINT WARNING * * *
Snorg claws you.
* * * LOW HITPOINT WARNING * * *
Snorg barely misses you.
You closely miss Snorg.
Snorg is lightly wounded.
Snorg barely misses you. Snorg claws you.
* * * LOW HITPOINT WARNING * * *
Snorg barely misses you. Snorg bites you but does no damage.
Snorg claws you but does no damage. x2
You hit Snorg. You freeze Snorg.
Snorg is lightly wounded.
Snorg bites you!
You die...

#..........
#...........
#.......)....
#.............
#..............
#..............
#<.............
#T....?........
#@.............
#..............
#..............
#..............
#..............
#..............
#..............
#..............
#.................


You could see Snorg (berserk).

Vanquished Creatures
  Pikel (D:4)
  A hippogriff (D:8)
  2 hungry ghosts
  A water moccasin (D:8)
  2 phantoms
  An ice beast (D:11)
  4 slaves (D:4)
  2 orc warriors (D:8)
  A sky beast (D:6)
  2 centaurs (D:8)
  A big kobold (D:8)
  6 bullfrogs
  2 scorpions (D:4)
  5 killer bees (D:8)
  3 wights (D:6)
  A crimson imp (D:8)
  A bullfrog zombie (D:5)
  2 orc priests
  A hound (D:4)
  2 bullfrog skeletons
  7 orc wizards
  2 iguanas (D:4)
  6 worker ants
  A hound zombie (D:7)
  7 adders
  A shadow imp (D:8)
  An ooze (D:3)
  2 adder zombies
  4 dart slugs
  3 leopard geckos
  29 orcs
  6 bats
  3 giant cockroaches
  2 goblins
  10 hobgoblins
  9 jackals
  4 quokkas
  A giant cockroach zombie (D:6)
  A jackal zombie (D:7)
  9 kobolds
  A leopard gecko zombie (D:8)
  A quokka skeleton (D:6)
  A quokka zombie (D:8)
  4 rats
156 creatures vanquished.

Notes
Turn   | Place    | Note
-------+----------+-------------------------------------------
     0 | D:1      | Fang the Gargoyle Berserker began the quest for the Orb.
     0 | D:1      | Reached XP level 1. HP: 14/14 MP: 1/1
   240 | D:1      | Reached XP level 2. HP: 10/19 MP: 2/2
   734 | D:1      | Reached XP level 3. HP: 23/23 MP: 3/3
  1092 | D:2      | Found Gozag's Platinum Reserve.
  1293 | D:2      | Found a shattered altar of Ashenzari.
  1296 | D:2      | Reached XP level 4. HP: 29/29 MP: 4/4
  1440 | D:2      | Reached ** piety under Trog
  1480 | D:2      | Found a hide-covered altar of Uskayaw.
  1487 | D:2      | Found an opulent altar of Gozag.
  1756 | D:3      | Reached skill level 4 in Fighting
  2112 | D:4      | Found Zybaish's Antique Armour Shop.
  2137 | D:4      | Noticed a slave
  2137 | D:4      | Noticed a slave
  2139 | D:4      | Noticed Pikel
  2143 | D:4      | Noticed a slave
  2143 | D:4      | Noticed a slave
  2145 | D:4      | Reached XP level 5. HP: 30/33 MP: 5/5
  2150 | D:4      | Killed a slave
  2150 | D:4      | Killed a slave
  2156 | D:4      | Killed a slave
  2159 | D:4      | Killed a slave
  2164 | D:4      | Killed Pikel
  2164 | D:4      | Reached skill level 5 in Fighting
  2164 | D:4      | Reached XP level 6. HP: 40/40 MP: 6/6
  2164 | D:4      | Reached XP level 7. HP: 44/44 MP: 7/7
  2258 | D:4      | You fall through a shaft for 2 floors!
  2410 | D:6      | Found a staircase to the Ecumenical Temple.
  2427 | Temple   | Entered the Ecumenical Temple
  2490 | D:6      | Reached skill level 5 in Armour
  2570 | D:6      | Reached XP level 8. HP: 49/51 MP: 8/8
  2847 | D:5      | Entered Level 5 of the Dungeon
  2931 | D:5      | Reached skill level 6 in Fighting
  2931 | D:5      | Reached skill level 5 in Axes
  2932 | D:5      | Reached *** piety under Trog
  2997 | D:5      | Found a runed translucent gate.
  2997 | D:5      | Found a runed translucent gate.
  2997 | D:5      | Noticed a vampire
  2999 | D:5      | Found an opulent altar of Gozag.
  3000 | D:5      | Found a runed translucent gate.
  3001 | D:5      | Noticed withersans's ghost (amateur SpAs)
  3747 | D:4      | Found a stormy altar of Qazlal.
  3767 | D:4      | Found a deep blue altar of Sif Muna.
  4435 | D:7      | Reached XP level 9. HP: 54/56 MP: 9/9
  4452 | D:7      | Paralysed by fainting for 11 turns
  4528 | D:7      | Paralysed by fainting for 9 turns
  4556 | D:7      | Reached skill level 7 in Fighting
  4590 | D:7      | Reached skill level 5 in Dodging
  4753 | D:7      | Found a blossoming altar of Fedhas.
  4753 | D:7      | Found a bloodstained altar of Trog.
  4753 | D:7      | Found a sacrificial altar of Ru.
  5027 | D:8      | Reached **** piety under Trog
  5027 | D:8      | Received a gift from Trog
  5240 | D:8      | Reached skill level 8 in Fighting
  5275 | D:8      | Paralysed by fainting for 6 turns
  5382 | D:8      | You fall through a shaft for 3 floors!
  5455 | D:11     | Reached XP level 10. HP: 57/64 MP: 10/10
  5461 | D:11     | Noticed Snorg
  5470 | D:10     | Entered Level 10 of the Dungeon
  5485 | D:11     | HP: 3/65 [Snorg (2)]
  5487 | D:11     | Mangled by Snorg

Skill      XL: |  1  2  3  4  5  6  7  8  9 10 |
---------------+-------------------------------+-----
Axes           | 3 4 5 6 7 |  7.0
Dodging        | 2 3 4 5 6 |  6.0
Armour         | 3 4 5 6 7 |  7.9
Fighting       | 4 5 6 8 |  8.4

Action                   |  1- 3 |  4- 6 |  7- 9 | 10-12 || total
-------------------------+-------+-------+-------+-------++-------
Melee: Hand axe          |   108 |    39 |       |       ||   147
       War axe           |       |    53 |   538 |    13 ||   604
Invok: Berserk           |       |     1 |     1 |     1 ||     3
  Use: Scroll            |       |       |    18 |       ||    18
  Eat: Chunk             |     1 |     3 |    15 |       ||    19
       Ration            |       |       |     8 |       ||     8
Armor: Animal skin       |    17 |       |       |       ||    17
       Plate armour      |    65 |    81 |   510 |    17 ||   673
Dodge: Dodged            |    52 |    41 |   287 |    16 ||   396
